 Dungeon Crawl Stone Soup version 0.19.1 (webtiles) character file.

847 Firecrotchwizard the Skirmisher (level 8, -8/52 HPs)
             Began as a Gargoyle Fighter on Dec 7, 2016.
             Mangled by an ogre
             ... wielding a +0 giant spiked club
              (27 damage)
             ... on level 5 of the Dungeon.
             The game lasted 00:10:08 (3584 turns).

Firecrotchwizard the Skirmisher (Gargoyle Fighter)  Turns: 3584, Time: 00:10:08

Health: -8/52      AC: 19    Str: 21    XL:     8   Next: 0%
Magic:  8/8        EV:  5    Int:  9    God:
Gold:   187        SH: 11    Dex: 10    Spells: 0 memorised, 7 levels left

rFire  . . .     SeeInvis .     m - +1 morningstar
rCold  . . .     Gourm    .     i - +0 chain mail
rNeg   + . .     Faith    .     c - +1 shield
rPois  ∞         Spirit   .     o - +2 helmet
rElec  +         Reflect  .     (no cloak)
rCorr  .         Harm     +     (no gloves)
MR     .....                    u - +0 pair of boots
Stlth  ..........               y - amulet of harm
                                (no ring)
                                (no ring)

@: no status effects
A: negative energy resistance 1, electricity resistance, unbreathing,
petrification resistance, rot immunity, AC +5
a: no special abilities


You were on level 5 of the Dungeon.
You were not hungry.

You visited 1 branch of the dungeon, and saw 5 of its levels.
You also visited: Ossuary.

You collected 187 gold pieces.

Inventory:

Hand Weapons
 a - a +0 flail
 m - a +1 morningstar (weapon)
Armour
 b - a +0 scale mail
 c - a +1 shield (worn)
 i - a +0 chain mail (worn)
 o - a +2 helmet (worn)
 u - a +0 pair of boots (worn)
Jewellery
 y - an amulet of harm (around neck)
Wands
 l - a wand of slowing (48/48)
 v - a wand of flame (11/48)
Scrolls
 e - 5 scrolls of identify
 h - 2 scrolls of remove curse
 j - a scroll of magic mapping {unknown}
 k - 2 scrolls of noise
 n - a scroll of recharging
 p - 2 scrolls of immolation
 D - 2 scrolls of random uselessness
Potions
 q - 10 potions of degeneration
 r - a potion of magic {unknown}
 w - a potion of ambrosia {unknown}
 x - 2 potions of brilliance {unknown}
 C - a potion of lignification {unknown}
 E - a potion of resistance {unknown}
 F - a potion of flight {unknown}
 G - a potion of heal wounds {unknown}
 H - a potion of curing {unknown}
 I - a potion of haste {unknown}
Books
 z - a book of Cantrips

   Spells                             Type                      Level
   a - Confusing Touch                Hexes                        1
   b - Animate Skeleton               Necromancy                   1
   c - Summon Small Mammal            Summoning                    1
   d - Apportation                    Translocation                1
Comestibles
 d - 2 meat rations
 f - 6 bread rations
 g - 2 fruits


   Skills:
 * Level 6.5 Fighting
 * Level 5.3 Maces & Flails
 + Level 5.1 Armour
 + Level 4.9 Shields


You had 7 spell levels left.
You didn't know any spells.

Dungeon Overview and Level Annotations

Branches:
Dungeon (5/15)
 Temple: D:4-7

Altars:
Dithmenos
Makhleb
Sif Muna


Innate Abilities, Weirdness & Mutations

You are resistant to torment.
Your stone body is resilient. (AC +5)
You are immune to poison.
You resist negative energy. (rN+)
You are resistant to electric shocks. (rElec)
You can survive without breathing.
You are immune to petrification.
You are immune to rotting.


Message History

The ogre shouts!
Found a scroll of enchant armour and 10 gold pieces.
An ogre comes into view. It is wielding a giant spiked club.
The ogre shouts!
You hear a shout! x2
Found a stone staircase leading down.
You see here a scroll of identify.
You hit the ogre but do no damage. The ogre barely misses you.
You hit the ogre.
The ogre is lightly wounded.
The ogre hits you with a giant spiked club!
An orc comes into view.
You puncture the ogre!
The ogre is moderately wounded.
The ogre hits you with a giant club! You block the ogre's attack.
You hit the ogre.
The ogre is severely wounded.
The ogre hits you but does no damage.
The ogre hits you with a giant spiked club!!
Ouch! That really hurt!
You die...

.#.### ..... #.$.#
#...# .. #...# ..#
.. #...####..#...
#..OO>oo..#...
####..@####......
..................
..........†.....#
.?.........†..#..
#####.....<..##
#...###### #...#
#..... #....


You could see 2 ogres and 2 orcs.

Vanquished Creatures
  A big kobold (D:4)
  2 scorpions
  A howler monkey (D:4)
  2 centaur zombies (Ossuary)
  3 hounds (D:4)
  2 human zombies
  An orc priest (D:3)
  An orc wizard (D:3)
  2 bullfrog skeletons
  An iguana (D:4)
  3 worker ants (D:4)
  2 big kobold zombies (Ossuary)
  4 mummies (Ossuary)
  4 adders
  3 worms
  2 leopard geckos
  3 orcs
  3 bats
  2 giant cockroaches
  A gnoll zombie (Ossuary)
  12 goblins
  5 hobgoblins
  9 jackals
  11 kobolds
  2 quokkas
  2 ball pythons
  4 frilled lizards
  A hobgoblin zombie (Ossuary)
  A jackal zombie (D:4)
  A kobold zombie (Ossuary)
  An orc zombie (D:4)
  7 rats
99 creatures vanquished.

Notes
Turn   | Place    | Note
-------+----------+-------------------------------------------
     0 | D:1      | Firecrotchwizard the Gargoyle Fighter began the quest for the Orb.
     0 | D:1      | Reached XP level 1. HP: 14/14 MP: 1/1
    44 | D:1      | Reached XP level 2. HP: 12/19 MP: 2/2
   720 | D:1      | Reached XP level 3. HP: 20/23 MP: 3/3
  1410 | D:2      | Reached XP level 4. HP: 25/29 MP: 4/4
  1663 | D:3      | Reached skill level 4 in Fighting
  1859 | D:3      | Reached XP level 5. HP: 31/33 MP: 5/5
  1995 | D:3      | Reached XP level 6. HP: 34/39 MP: 6/6
  2283 | D:4      | Found a shadowy altar of Dithmenos.
  2504 | D:4      | Reached skill level 5 in Fighting
  2714 | D:4      | Found a sand-covered staircase.
  2754 | D:4      | Reached XP level 7. HP: 41/44 MP: 7/7
  2763 | Ossuary  | Entered an ossuary
  3099 | Ossuary  | Reached skill level 6 in Fighting
  3168 | D:4      | Reached skill level 5 in Armour
  3293 | D:4      | Reached skill level 5 in Maces & Flails
  3472 | D:4      | Found a deep blue altar of Sif Muna.
  3474 | D:4      | Found a burning altar of Makhleb.
  3558 | D:5      | Entered Level 5 of the Dungeon
  3565 | D:5      | Reached XP level 8. HP: 52/52 MP: 8/8
  3584 | D:5      | Mangled by an ogre

Skill      XL: |  1  2  3  4  5  6  7 |
---------------+----------------------+-----
Armour         | 4 5 |  5.1
Maces & Flails | 3 4 5 |  5.3
Fighting       | 4 5 6 |  6.5
Shields        | 4 |  4.9

Action                   |  1- 3 |  4- 6 |  7- 9 || total
-------------------------+-------+-------+-------++-------
Melee: Flail             |   122 |   199 |    97 ||   418
       Morningstar       |       |       |    36 ||    36
  Use: Potion            |       |     1 |       ||     1
       Scroll            |       |       |    11 ||    11
  Eat: Chunk             |     1 |     4 |       ||     5
       Fruit             |       |     1 |     4 ||     5
Armor: Scale mail        |    43 |       |       ||    43
       Chain mail        |    25 |   154 |    55 ||   234
Dodge: Dodged            |    39 |    35 |    18 ||    92
Block: Shield            |    65 |   108 |    58 ||   231
